 Dungeon Crawl Stone Soup version 0.29.1-15-g9cfb28693d (webtiles) character file.

Game seed: 4675793742856231301

1369 12sPaWn12 the Cudgeller (level 8, -2/48 HPs)
             Began as a Gargoyle Fighter on Mar 21, 2023.
             Was a Believer of Zin.
             Slain by a wyvern (14 damage)
             ... on level 9 of the Dungeon.
             The game lasted 00:08:59 (6922 turns).

12sPaWn12 the Cudgeller (Gargoyle Fighter)          Turns: 6922, Time: 00:09:00

Health: -2/48      AC: 18    Str: 21    XL:     8   Next: 65%
Magic:  9/9        EV: 10    Int: 10    God:    Zin [**....]
Gold:   199        SH:  4    Dex:  9    Spells: 7/7 levels left

rFire   . . .      SeeInvis .   C - +0 flail (holy)
rCold   . . .      Faith    .   c - +0 buckler
rNeg    + . .      Spirit   .   u - +0 plate armour
rPois   ∞          Reflect  .   (no helmet)
rElec   +          Harm     .   p - scarf {+Inv}
rCorr   +          Rampage  .   (no gloves)
Will    .....                   (no boots)
Stlth   ..........              (no amulet)
HPRegen 0.16/turn               n - +4 ring of evasion
MPRegen 0.11/turn               s - ring of resist corrosion

@: no status effects
A: sickness immunity, AC +5, negative energy resistance 1, electricity
resistance, torment resistance 1, petrification resistance
a: Renounce Religion, Evoke Invisibility, Recite, Vitalisation, Donate Gold


You were on level 9 of the Dungeon.
You worshipped Zin.
Zin was pleased with you.
You visited 2 branches of the dungeon, and saw 8 of its levels.

You collected 221 gold pieces.
You donated 22 gold pieces to Zin.

Inventory:

Hand Weapons
 C - a +0 flail of holy wrath (weapon)
Armour
 a - +0 fire dragon scales
 c - a +0 buckler (worn)
 p - a scarf of invisibility (worn)
 u - a +0 plate armour (worn)
Jewellery
 b - a ring of flight
 d - a +6 ring of dexterity
 n - a +4 ring of evasion (left hand)
 s - a ring of resist corrosion (right hand)
 w - an amulet of faith
 A - a ring of ice
Wands
 y - a wand of charming (19)
Scrolls
 e - 5 scrolls of identify {unknown}
 g - 4 scrolls of noise {unknown}
 h - 3 scrolls of teleportation {unknown}
 i - a scroll of magic mapping {unknown}
 o - a scroll of amnesia {unknown}
 r - a scroll of immolation {unknown}
 t - 4 scrolls of fear
 v - a scroll of summoning {unknown}
 x - a scroll of acquirement {unknown}
 z - 4 scrolls of enchant weapon {unknown}
 B - a scroll of silence {unknown}
 D - a scroll of poison {unknown}
 E - a scroll of vulnerability {unknown}
Potions
 f - 2 potions of cancellation {unknown}
 j - 3 potions of curing {unknown}
 k - a potion of attraction {unknown}
 l - 4 potions of ambrosia {unknown}
 m - a potion of haste {unknown}
 q - 2 potions of brilliance {unknown}
 F - a potion of magic {unknown}


   Skills:
 * Level 4.7 Fighting
 * Level 6.4 Maces & Flails
 * Level 5.4 Armour
 * Level 2.3 Dodging
 * Level 3.4 Stealth
 * Level 5.0 Shields
 * Level 2.1 Invocations
 * Level 1.6 Evocations


You had 7 spell levels left.
You didn't know any spells.
Your spell library contained the following spells:

 Spells                   Type           Power      Damage    Failure   Level
 Conjure Flame            Conj/Fire      0%         6-21      100%        3
 Ignite Poison            Fire/Tmut/Pois 0%         N/A       100%        3
 Sticky Flame             Conj/Fire      0%         2d3       100%        4


Dungeon Overview and Level Annotations

Branches:
Dungeon (6/15)             Temple (1/1) D:4

Altars:
Ashenzari
Cheibriados
Dithmenos
Fedhas
Gozag
Hepliaklqana
Makhleb
Nemelex Xobeh
Okawaru
Qazlal
Ru
Sif Muna
Trog
Uskayaw
Vehumet
Wu Jian
Xom
Zin
The Shining One


Innate Abilities, Weirdness & Mutations

You are immune to sickness and miasma.
Your stone body is resilient. (AC +5)
You are immune to poison.
You resist negative energy. (rN+)
You are resistant to electric shocks. (rElec)
You are resistant to unholy torment.
You are immune to petrification.


Message History

You barely miss the wyvern.
The wyvern is moderately wounded.
The wyvern closely misses you.
The wyvern bites you but does no damage.
You hit the wyvern.
The wyvern is moderately wounded.
The wyvern barely misses you. You block the wyvern's attack.
You thump the wyvern!
The wyvern is severely wounded.
The wyvern bites you!
You are too injured to fight recklessly!
You are too injured to fight recklessly!
You are too injured to fight recklessly!
You are too injured to fight recklessly!
You are too injured to fight recklessly!
You are too injured to fight recklessly!
You are too injured to fight recklessly!
You are too injured to fight recklessly!
You are too injured to fight recklessly!
You are too injured to fight recklessly!
You are too injured to fight recklessly!
You are too injured to fight recklessly!
You sock the wyvern!
The wyvern is almost dead.
The wyvern bites you but does no damage.
The wyvern barely misses you.
You barely miss the wyvern.
The wyvern is almost dead.
The wyvern bites you.
* * * LOW HITPOINT WARNING * * *
The wyvern misses you.
You barely miss the wyvern.
The wyvern is almost dead.
The wyvern bites you.
* * * LOW HITPOINT WARNING * * *
The wyvern barely misses you.
You hit the wyvern but do no damage.
The wyvern is almost dead.
The wyvern bites you!
You die...

...#######
......†@.#
=..#####l#####
#...(.#
#####.#
###.#####
#.......#
#.#####.# #.#
#####.###..##


You could see a wyvern.

Vanquished Creatures
  The ghost of nroviw the Cleaver, a novice HOFi (D:5)
  An ice beast (D:5)
  An ogre (D:5)
  Blork the orc (D:6)
  A necrophage (D:5)
  3 scorpions
  2 howler monkeys (D:9)
  5 hounds
  A jelly (D:5)
  3 gnolls
  7 adders
  A white imp (D:5)
  An ufetubus (D:5)
  3 worms
  6 orcs
  8 ball pythons
  2 bats (D:1)
  3 endoplasms
  2 giant cockroaches
  3 goblins
  7 hobgoblins
  3 jackals (D:3)
  2 quokkas
  4 frilled lizards
  2 kobolds (D:2)
  6 rats
79 creatures vanquished.

Vanquished Creatures (others)
  24 fungi (D:9)
  23 plants
47 creatures vanquished.

Grand Total: 126 creatures vanquished

Notes
Turn   | Place    | Note
-------+----------+-------------------------------------------
     0 | D:1      | 12sPaWn12 the Gargoyle Fighter began the quest for the Orb.
     0 | D:1      | Reached XP level 1. HP: 14/14 MP: 1/1
   491 | D:1      | Reached XP level 2. HP: 19/19 MP: 2/2
   717 | D:1      | Found a faded altar of an unknown god.
  1597 | D:2      | Reached XP level 3. HP: 23/23 MP: 3/3
  1702 | D:2      | Found a shimmering altar of Xom.
  1947 | D:2      | Reached skill level 1 in Stealth
  2466 | D:2      | Reached XP level 4. HP: 28/28 MP: 4/4
  2940 | D:3      | Reached skill level 3 in Maces & Flails
  3581 | D:3      | Reached XP level 5. HP: 33/33 MP: 5/5
  3963 | D:4      | Found a hazy altar of Hepliaklqana.
  4200 | D:4      | Found a staircase to the Ecumenical Temple.
  4215 | Temple   | Entered the Ecumenical Temple
  4221 | Temple   | Reached skill level 1 in Dodging
  4227 | Temple   | Became a worshipper of Zin the Law-Giver
  4227 | Temple   | Reached * piety under Zin
  4670 | D:4      | Reached XP level 6. HP: 33/38 MP: 6/6
  4694 | D:4      | Reached skill level 4 in Maces & Flails
  5047 | D:5      | Entered Level 5 of the Dungeon
  5188 | D:5      | Found a sparkling altar of Nemelex Xobeh.
  5217 | D:5      | Noticed an ice beast
  5239 | D:5      | Killed an ice beast
  5240 | D:5      | Reached XP level 7. HP: 18/43 MP: 7/7
  5417 | D:5      | Found a shadowy altar of Dithmenos.
  5747 | D:5      | Reached ** piety under Zin
  5817 | D:5      | Reached skill level 5 in Maces & Flails
  5817 | D:5      | Reached skill level 1 in Invocations
  5844 | D:5      | Found a runed translucent door.
  5854 | D:5      | Noticed nroviw's ghost (novice HOFi)
  5867 | D:5      | Killed nroviw's ghost
  5868 | D:5      | Reached skill level 6 in Maces & Flails
  5868 | D:5      | Reached skill level 5 in Armour
  5868 | D:5      | Reached skill level 1 in Evocations
  5868 | D:5      | Reached XP level 8. HP: 24/48 MP: 7/9
  6541 | D:6      | Noticed Blork the orc
  6559 | D:6      | Killed Blork the orc
  6748 | D:6      | You fall into a shaft and drop 3 floors!
  6852 | D:9      | Found an opulent altar of Gozag.
  6909 | D:9      | Noticed a wyvern
  6914 | D:9      | Reached skill level 5 in Shields
  6922 | D:9      | Slain by a wyvern

Illustrated notes

Levels and vault maps discovered:
D:1:      minmay_arrival_nine_rooms, layout_loops_ring,
          dreamdust_ecumenical_altar_statues, st_stairs_12, serial_bayou_pond_c,
          serial_bayou_pond_c, serial_park_tiny_1,
          chequers_serial_rivers_small_b, minmay_tetromino_o2
D:2:      layout_basic, basic_altar
D:3:      layout_loops_cross, chequers_big_river
D:4:      layout_loops_corners, mainiacjoe_overflow_small_starburst,
          minmay_temple_entry_nine_rooms
D:5:      layout_loops_corners, mainiacjoe_overflow_catch_the_wave,
          ebering_ghost_reflecting_pool, minmay_misc_feat_nine_boxes,
          chequers_serial_rivers_micro_a
D:6:      layout_basic, gammafunk_temple_of_torment, kennysheep_minor_cross,
          uniq_blork_the_orc, uniq_crazy_yiuf_cottage, uniq_maggie
D:9:      layout_rooms, mainiacjoe_overflow_chevrons,
          due_lair_maze_entry_diamond, uniq_prince_ribbit1
Temple:   nicolae_temple_no_exploring_needed

Skill      XL: |  1  2  3  4  5  6  7  8 |
---------------+-------------------------+-----
Stealth        | 1 2 3 |  3.4
Armour         | 4 5 |  5.4
Maces & Flails | 3 4 6 |  6.4
Dodging        | 1 2 |  2.3
Shields        | 4 5 |  5.0
Fighting       | 4 |  4.7
Invocations    | 1 2 |  2.1
Evocations     | 1 |  1.6

Action                   |  1- 3 |  4- 6 |  7- 9 || total
-------------------------+-------+-------+-------++-------
Melee: Flail             |   110 |   182 |   104 ||   396
  Use: Scroll            |       |     1 |       ||     1
       Potion            |       |       |     1 ||     1
Armor: Scale mail        |    72 |    38 |       ||   110
       Plate armour      |       |    71 |    44 ||   115
Dodge: Dodged            |    56 |    96 |    48 ||   200
Block: Buckler           |    20 |    55 |    16 ||    91
